 Dungeon Crawl Stone Soup version 0.26-a0-1164-g1a551d6a14 (webtiles) character file.

Game seed: 17752139201500067855

2343 melloss the Covert (level 9, -15/44 HPs)
             Began as a Spriggan Enchanter on Dec 23, 2020.
             Was an Initiate of Dithmenos.
             Demolished by a two-headed ogre
             ... wielding a +0 giant club
              (17 damage)
             ... while paralysed by a hornet
             ... on level 7 of the Dungeon.
             The game lasted 00:37:11 (8930 turns).

melloss the Covert (Spriggan Enchanter)             Turns: 8930, Time: 00:37:13

Health: -15/44     AC:  4    Str:  4    XL:     9   Next: 20%
Magic:  7/16       EV:  4    Int: 19    God:    Dithmenos [......]
Gold:   154        SH:  0    Dex: 23    Spells: 12/16 levels left

rFire    . . .     SeeInvis +   a - +1 dagger (elec)
rCold    . . .     Faith    .   (shield restricted)
rNeg     . . .     Spirit   .   u - +2 robe
rPois    .         Reflect  +   (helmet restricted)
rElec    .         Harm     .   (no cloak)
rCorr    .         Rampage  .   (gloves unavailable)
Will     +....                  (boots unavailable)
Stlth    ++++......             j - amulet of reflection
HPRegen  0.14/turn              q - +4 ring of evasion
MPRegen  0.15/turn              y - +6 ring of dexterity

@: paralysed, lethally poisoned (-15 -> -21), slowed, very quick
A: very small, unfitting armour, see invisible, speed 3
a: Renounce Religion


You were on level 7 of the Dungeon.
You worshipped Dithmenos.
Dithmenos was noncommittal.
You visited 1 branch of the dungeon, and saw 7 of its levels.
You also visited: Ossuary.

You collected 434 gold pieces.
You spent 280 gold pieces at shops.

Inventory:

Hand Weapons
 a - a +1 dagger of electrocution (weapon)
 b - a +0 hunting sling
 n - a +2 spectral quarterstaff
 A - a +0 vorpal hand axe
 G - a +1 dagger of draining
Missiles
 m - 41 sling bullets
Armour
 u - a +2 robe (worn)
Magical Staves
 o - an uncursed staff of fire
Jewellery
 j - an amulet of reflection (around neck)
 q - a +4 ring of evasion (left hand)
 s - an uncursed ring of resist corrosion
 y - a +6 ring of dexterity (right hand)
Wands
 z - a wand of random effects (52)
 D - a wand of acid (9)
 E - a wand of polymorph (5)
Scrolls
 e - a scroll of fear
 f - 7 scrolls of remove curse
 g - 3 scrolls of identify
 h - a scroll of blinking {unknown}
 i - 4 scrolls of teleportation
 k - a scroll of immolation {unknown}
 v - 4 scrolls of random uselessness
 C - a scroll of vulnerability
 H - a scroll of enchant armour
 I - a scroll of fog {unknown}
Potions
 c - 4 potions of attraction
 d - a potion of ambrosia {unknown}
 l - 2 potions of mutation {unknown}
 p - 4 potions of curing
 r - 2 potions of haste {unknown}
 t - 2 potions of brilliance {unknown}
 w - 3 potions of might {unknown}
 x - 2 potions of heal wounds {unknown}
 B - 2 potions of magic {unknown}
 F - a potion of invisibility {unknown}


   Skills:
 - Level 3.0 Fighting
 + Level 5.4 Short Blades
 - Level 8.0 Dodging
 + Level 8.6 Stealth
 - Level 4.0 Spellcasting
 - Level 1.0 Conjurations
 - Level 8.0 Hexes
 - Level 2.2 Ice Magic
 * Level 2.3 Air Magic


You had 12 spell levels left.
You knew the following spells:

 Your Spells              Type           Power        Failure   Level
a - Corona                Hex            37%          1%          1
b - Ensorcelled Hibernat  Hex/Ice        46%          2%          2
c - Shock                 Conj/Air       40%          7%          1

Your spell library contained the following spells:

 Spells                   Type           Power        Failure   Level
 Confusing Touch          Hex            34%          1%          3
 Tukima's Dance           Hex            34%          1%          3
 Dazzling Flash           Conj/Hex       40%          6%          3
 Swiftness                Air            12%          8%          2
 Poisonous Vapours        Pois/Air       16%          13%         2
 Sting                    Tmut/Pois      12%          14%         1
 Static Discharge         Conj/Air       10%          21%         3
 Mephitic Cloud           Conj/Pois/Air  8%           26%         3
 Ignite Poison            Fire/Tmut/Pois 3%           38%         3
 Airstrike                Air            6%           45%         4
 Olgreb's Toxic Radiance  Pois           3%           80%         4
 Lightning Bolt           Conj/Air       5%           88%         5


Dungeon Overview and Level Annotations

Branches:
Dungeon (7/15)             Temple (0/1) D:7         Ossuary (visited)

Altars:
Dithmenos
Elyvilon
Kikubaaqudgha
Qazlal
Uskayaw
Xom
Yredelemnul
The Shining One

Shops:
D:4 ?

Annotations:
D:5 3 runed translucent doors, ardl's ghost, novice HOGl


Innate Abilities, Weirdness & Mutations

You are very small and have problems with some larger weapons.
You are too small for most types of armour.
You have supernaturally acute eyesight. (SInv)
You cover ground extremely quickly.


Message History

Aim: a two-headed ogre, wielding a +0 giant club and a +0 giant spiked club (chance to affect: 35%)
The two-headed ogre easily resists.
The two-headed ogre closely misses you. You block the two-headed ogre's attack.
Casting: Ensorcelled Hibernation (safe; 2% risk of failure)
Confirm with . or Enter, or press ? or * to list all spells.
Aiming: Ensorcelled Hibernation (safe; 2% risk of failure)
Press: ? - help, Shift-Dir - straight line, f/p - two-headed ogre
Aim: a two-headed ogre, wielding a +0 giant club and a +0 giant spiked club (chance to affect: 35%)
The two-headed ogre easily resists.
The hornet stings you!
You are poisoned.
You feel yourself slow down. The hornet barely misses you.
You feel sick.
You feel sick.
You feel sick. The hornet stings you!
You suddenly lose the ability to move!
You feel yourself speed up. The hornet stings you.
You feel yourself slow down.
The two-headed ogre hits you with a +0 giant club!
* * * LOW HITPOINT WARNING * * *
The two-headed ogre hits you with a +0 giant spiked club!
You die...

#.......#### #.....#
#.......#....# #.....#
#.......#....# #.....#
#..y....#.... #.....#
#.......#...#####.....##
#...O...#...#....#####..
#.......#...#....#......
####.##+####...'.<..#......
#........y@....#....#......
!.+.P.P....O.(...#....#......
..###.##.........#....#..##.#
.P#...#P........#....#####.#
...>......###########......
.P#...#P...### ##>## #......
#######.##......#
8...8##..##..
#.....P.P.......#
....##..####
#......'........#
...._#......


You could see a two-headed ogre and a hornet.

Vanquished Creatures
  A water moccasin (D:7)
  An ice beast (D:5)
  2 orc warriors
  A necrophage (D:5)
  2 phantoms (D:6)
  A black bear (D:6)
  An ogre (D:7)
  2 centaurs
  2 bullfrogs
  2 scorpions
  A water moccasin skeleton (D:5)
  2 wights (Ossuary)
  A quasit (D:7)
  A bullfrog skeleton (D:6)
  A centaur zombie (D:7)
  A hound (D:7)
  8 orc priests
  A gnoll shaman (D:4)
  A jelly (D:7)
  Natasha (thrice) (D:2)
  An iguana (D:7)
  4 orc wizards
  5 worker ants
  A hound skeleton (D:7)
  5 gnolls (D:4)
  9 adders
  A shadow imp (D:2)
  2 ufetubi
  2 adder zombies (Ossuary)
  4 worms
  3 dart slugs
  4 leopard geckos
  25 orcs
  8 giant cockroaches
  5 goblins
  2 hobgoblins
  3 kobolds
  A quokka (D:4)
  2 ball python skeletons (Ossuary)
  5 bats
  4 frilled lizards
  2 hobgoblin skeletons (Ossuary)
  A jackal skeleton (D:4)
  2 kobold zombies (Ossuary)
  A leopard gecko zombie (D:7)
  A quokka skeleton (D:5)
  8 rats
146 creatures vanquished.

Notes
Turn   | Place    | Note
-------+----------+-------------------------------------------
     0 | D:1      | melloss the Spriggan Enchanter began the quest for the Orb.
     0 | D:1      | Reached XP level 1. HP: 9/9 MP: 5/5
   377 | D:1      | Reached skill level 5 in Stealth
   377 | D:1      | Reached XP level 2. HP: 13/13 MP: 6/6
   940 | D:2      | Reached XP level 3. HP: 16/16 MP: 8/8
  1032 | D:2      | Learned a level 2 spell: Ensorcelled Hibernation
  1444 | D:2      | Noticed Natasha
  1638 | D:2      | Killed Natasha
  1639 | D:2      | Reached XP level 4. HP: 21/21 MP: 0/9
  1648 | D:2      | Noticed Natasha
  1730 | D:2      | Killed Natasha
  1798 | D:2      | Noticed Natasha
  1820 | D:2      | Killed Natasha
  1821 | D:2      | Reached XP level 5. HP: 24/24 MP: 1/10
  4087 | D:4      | Reached XP level 6. HP: 18/28 MP: 0/11
  4357 | D:4      | Reached skill level 5 in Short Blades
  4745 | D:4      | Reached skill level 1 in Ice Magic
  4821 | D:4      | Found Vupee's Magic Scroll Shop.
  5059 | D:5      | Entered Level 5 of the Dungeon
  5109 | D:5      | Reached XP level 7. HP: 32/32 MP: 13/13
  5153 | D:5      | Found a white marble altar of Elyvilon.
  5252 | D:5      | Found a runed translucent gate.
  5252 | D:5      | Found a runed translucent gate.
  5252 | D:5      | Found a runed translucent gate.
  5257 | D:5      | Noticed ardl's ghost (novice HOGl)
  5318 | D:5      | Reached skill level 5 in Hexes
  5352 | D:5      | Found a sand-covered staircase.
  5361 | Ossuary  | Entered an ossuary
  5455 | Ossuary  | Learned a level 1 spell: Shock
  5492 | Ossuary  | Reached skill level 1 in Fighting
  5683 | Ossuary  | Noticed a wraith
  5683 | Ossuary  | Noticed a flying skull
  5726 | Ossuary  | Noticed a wraith
  6461 | D:5      | Noticed a water elemental
  6463 | D:5      | Found a stormy altar of Qazlal.
  6466 | D:5      | Reached XP level 8. HP: 22/38 MP: 12/15
  6504 | D:5      | Noticed an air elemental
  7000 | D:4      | Bought a scroll of brand weapon for 280 gold pieces
  7121 | D:6      | Reached skill level 5 in Dodging
  7845 | D:7      | Found a staircase to the Ecumenical Temple.
  7852 | D:7      | Found a basalt altar of Yredelemnul.
  8122 | D:7      | Found a shimmering altar of Xom.
  8123 | D:7      | Found a glowing golden altar of the Shining One.
  8288 | D:7      | Found an ancient bone altar of Kikubaaqudgha.
  8293 | D:7      | Reached skill level 1 in Air Magic
  8293 | D:7      | Reached XP level 9. HP: 42/43 MP: 11/16
  8535 | D:7      | Reached skill level 1 in Conjurations
  8585 | D:7      | Found a hide-covered altar of Uskayaw.
  8587 | D:7      | Found a shadowy altar of Dithmenos.
  8597 | D:7      | Became a worshipper of Dithmenos the Shadowed
  8912 | D:7      | Noticed a two-headed ogre
  8929 | D:7      | Paralysed by a hornet for 2 turns
  8930 | D:7      | HP: 2/44 [two-headed ogre/+0 giant club (16)]
  8930 | D:7      | Demolished by a two-headed ogre

Illustrated notes

Levels and vault maps discovered:
D:1:      dpeg_arrival_water_temple_mockup, layout_loops_corners,
          minmay_pentomino_w2
D:2:      layout_basic, uniq_natasha
D:3:      layout_basic
D:4:      layout_basic, serial_shops, kennysheep_mini
D:5:      layout_basic, nicolae_qazlal_style_of_elements,
          chequers_ossuary_entry_cave, gammafunk_ghost_necromancy,
          elyvilon_altar_5
D:6:      layout_loops_corners, grunt_ministairs_4, minmay_misc_feat_columns,
          hangedman_decor_clover_reticule, corexii_shack
D:7:      layout_gridville, nicolae_overflow_hidden_temple,
          chequers_temple_overflow_statue_of_worship,
          minmay_temple_entry_gardened_gates

Skill      XL: |  1  2  3  4  5  6  7  8  9 |
---------------+----------------------------+-----
Stealth        | 5 6 7 8 |  8.6
Short Blades   | 2 3 4 5 |  5.4
Spellcasting   | 3 4 |  4.0
Hexes          | 4 6 8 |  8.0
Ice Magic      | 1 2 |  2.2
Fighting       | 1 3 |  3.0
Dodging        | 4 8 |  8.0
Air Magic      | 1 2 |  2.3
Conjurations   | 1 |  1.0

Action                   |  1- 3 |  4- 6 |  7- 9 || total
-------------------------+-------+-------+-------++-------
Melee: Dagger            |    73 |   121 |   180 ||   374
 Fire: Hunting sling     |       |    11 |     6 ||    17
 Cast: Corona            |     4 |       |     3 ||     7
       Ensorcelled Hiber |    10 |    59 |    55 ||   124
       Shock             |       |       |    41 ||    41
  Use: Scroll            |       |       |    11 ||    11
 Stab: Sleeping          |    17 |    43 |    49 ||   109
       Distracted        |       |     1 |     1 ||     2
Armor: Robe              |     4 |     3 |     6 ||    13
Dodge: Dodged            |    51 |    82 |   135 ||   268
Block: Other             |     8 |    19 |    34 ||    61

Table legend: (Time is in decaauts)
 A = Elapsed time spent in this place.
 B = Non-inter-level travel time spent in this place.
 C = Inter-level travel time spent in this place.
 D = Time resting spent in this place.
 E = Time spent auto-exploring this place.
 F = Levels seen in this place.
 G = Mean time per level.
                   A        B        C        D        E       F      G
               +--------+--------+--------+--------+--------+-----+--------+
         Total |   6580 |   6379 |    201 |   1134 |   3307 |   8 |  822.5 |
       Dungeon |   6229 |   6028 |    201 |   1032 |   3307 |   7 |  889.9 |
       Ossuary |    350 |    350 |      0 |    102 |      0 |   1 |  350.0 |
               +--------+--------+--------+--------+--------+-----+--------+

Top non-repeatable levels by time:
     D:5: 1062 daAuts
     D:1: 1062 daAuts
     D:2: 980 daAuts
     D:4: 893 daAuts
     D:3: 857 daAuts
     D:7: 847 daAuts
     D:6: 526 daAuts
 Ossuary: 350 daAuts
